 Dungeon Crawl Stone Soup version 0.29.1-1-gd02db69 (webtiles) character file.

Game seed: 14331596928988870142

60930 GeorgeBush911 the Peltast (level 14, -23/130 HPs)
             Began as a Minotaur Berserker on Oct 10, 2022.
             Was a High Priest of Trog.
             Annihilated by a dire elephant simulacrum (30 damage)
             ... animated by a necromancer
             ... on level 5 of the Lair of Beasts on Oct 11, 2022.
             The game lasted 00:58:35 (23511 turns).

GeorgeBush911 the Peltast (Minotaur Berserker)     Turns: 23511, Time: 00:58:36

Health: -23/130    AC: 25    Str: 36    XL:     14   Next: 58%
Magic:  13/13      EV:  6    Int:  4    God:    Trog [*****.]
Gold:   1150       SH: 24    Dex: 10    Spells: 13/13 levels left

rFire   . . .      SeeInvis .   R - +3 scimitar (vorpal)
rCold   . . .      Faith    .   I - +0 tower shield
rNeg    . . .      Spirit   .   o - +0 plate armour
rPois   .          Reflect  +   (helmet restricted)
rElec   .          Harm     .   (no cloak)
rCorr   .          Rampage  .   E - +0 pair of gloves
Will    +....                   v - +1 pair of boots
Stlth   ..........              x - amulet of reflection
HPRegen 0.31/turn               T - +4 ring of protection
MPRegen 0.13/turn               X - ring "Pishrusea" {Wiz Str+9}

@: constricted
A: horns 2, retaliatory headbutt
a: Renounce Religion, Berserk, Trog's Hand, Brothers in Arms


You were on level 5 of the Lair of Beasts.
You worshipped Trog.
Trog was extremely pleased with you.
You visited 2 branches of the dungeon, and saw 16 of its levels.
You also visited: Bailey.

You collected 1150 gold pieces.

Inventory:

Hand Weapons
 R - a +3 vorpal scimitar (weapon)
Missiles
 b - 3 throwing nets (quivered)
Armour
 o - a +0 plate armour (worn)
 p - +0 acid dragon scales
 v - a +1 pair of boots (worn)
 E - a +0 pair of gloves (worn)
 I - a +0 tower shield (worn)
 Z - a scarf of harm
Jewellery
 g - a ring of resist corrosion
 j - a ring of ice
 t - a ring of positive energy
 x - an amulet of reflection (around neck)
 F - a +4 ring of evasion
 H - a ring of protection from cold
 T - a +4 ring of protection (left hand)
 V - a ring of see invisible
 X - the ring "Pishrusea" (right hand) {Wiz Str+9}
   (You found it on level 5 of the Lair of Beasts)

   [ring of wizardry]

   It improves your spell success rate.
   Str:       It affects your strength (+9).
 Y - a +4 ring of evasion
Wands
 k - a wand of iceblast (21)
 q - a wand of digging (22)
 D - a wand of paralysis (11)
 G - a wand of light (20)
Scrolls
 c - 3 scrolls of enchant armour
 e - 3 scrolls of vulnerability
 h - 2 scrolls of magic mapping
 n - 3 scrolls of torment
 u - 9 scrolls of teleportation
 y - 2 scrolls of enchant weapon
 A - a scroll of summoning {unknown}
 C - a scroll of brand weapon {unknown}
 J - 2 scrolls of noise
 K - 2 scrolls of fog
 L - a scroll of fear
 M - 3 scrolls of poison
 P - a scroll of blinking {unknown}
 Q - a scroll of identify
Potions
 a - 3 potions of ambrosia
 f - 4 potions of curing
 i - 2 potions of brilliance
 l - 4 potions of cancellation
 m - 2 potions of attraction {unknown}
 r - 3 potions of magic {unknown}
 s - 2 potions of haste {unknown}
 w - a potion of invisibility {unknown}
 z - 2 potions of resistance
 B - 4 potions of lignification
 N - 3 potions of flight {unknown}
 O - 2 potions of heal wounds {unknown}
 S - a potion of mutation {unknown}
 U - a potion of berserk rage {unknown}
 W - a potion of might {unknown}
Miscellaneous
 d - a tin of tremorstones (2/2)


   Skills:
 + Level 13.9 Fighting
 - Level 14.0 Long Blades
 + Level 14.9 Armour
 + Level 4.9 Dodging
 + Level 4.1 Stealth
 + Level 17.7 Shields


You had 13 spell levels left.
You didn't know any spells.
Your spell library was empty.

Dungeon Overview and Level Annotations

Branches:
Dungeon (11/15)            Temple (0/1) D:4            Lair (5/5) D:11
  Swamp (0/4) Lair:2        Snake (0/4) Lair:3        Slime (0/5) Lair:5
    Orc (0/2) D:9          Bailey (visited)

Altars:
Cheibriados
Elyvilon
Fedhas
Gozag
Makhleb
Qazlal
Ru
Sif Muna
Trog
Vehumet
Wu Jian
Yredelemnul
Jiyva

Shops:
D:1 =

Annotations:
D:8 4 runed translucent doors
Lair:5 2 transporters, exclusion: obsidian statue, Toastz's ghost, journeyman KoSu


Innate Abilities, Weirdness & Mutations

You have a pair of horns on your head.
You reflexively headbutt those who attack you in melee.


Message History

The dire elephant is heavily wounded.
The dire elephant tramples you.
You stumble backwards!
The dire elephant simulacrum tramples you but does no damage.
The dire elephant simulacrum trunk-slaps you but does no damage.
You hit the dire elephant. You headbutt the dire elephant!
The dire elephant is heavily wounded.
You block the dire elephant's attack. The dire elephant trunk-slaps you!
You slash the dire elephant!
The dire elephant is severely wounded.
The spectral anaconda closely misses you.
The spectral anaconda bites you but does no damage.
You block the dire elephant simulacrum's attack.
The dire elephant simulacrum trunk-slaps you.
The dire elephant simulacrum freezes you!!!
* * * LOW HITPOINT WARNING * * *
You feel better. The spectral anaconda grabs you.
The spectral anaconda bites you but does no damage.
The spectral anaconda constricts you.
* * * LOW HITPOINT WARNING * * *
You block the dire elephant's attack. x2
The spectral anaconda bites you but does no damage.
The spectral anaconda constricts you.
* * * LOW HITPOINT WARNING * * *
The dire elephant simulacrum tramples you!
* * * LOW HITPOINT WARNING * * *
You are held in place!
The dire elephant simulacrum trunk-slaps you but does no damage.
As you read the scroll of fear, it crumbles to dust.
You assume a fearsome visage.
The dire elephant simulacrum is unaffected.
The dire elephant looks frightened!
The spectral anaconda is unaffected.
You block the spectral anaconda's attack.
The spectral anaconda constricts you.
You block the spectral anaconda's attack.
The spectral anaconda constricts you.
You block the dire elephant simulacrum's attack.
The dire elephant simulacrum trunk-slaps you!
* * * LOW HITPOINT WARNING * * *
The dire elephant simulacrum freezes you!!
You die...

### #####..##♣♣ #.........♣
##.......... #..#...P##.. .##
########### ####''#''### ..
##8...8##~~.##8Z...#..8# ♣8♣#
8#[?...'~≈~..)Y†@..#...# #+###
:#?)...'≈≈≈~.#8Z####.#.# #[##.
.#8.YY8#≈≈≈≈ ####....#'#########.
8#######.~~ #....####.....8# #.
###8P8###. ###.#### #.).../# #.
##8.⌠.8#####...###♣♣##.P...8# ##.
.............###....♣##########..
###'''########♣......P♣♣######...
.................................


You could see a dire elephant (fleeing), a spectral anaconda and a dire elephant
simulacrum.

Vanquished Creatures
  2 dire elephants (Lair:5)
  Harold (D:10)
  Erolcha (D:9)
  4 hydras
  2 boulder beetles
  A two-headed ogre (D:11)
  A catoblepas (Lair:4)
  The ghost of Stephen2Aus the Destroyer, a novice GnCj of Qazlal (D:9)
  3 death yaks (Lair:4)
  Amaemon (D:10)
  3 spectral death yaks (Lair:5)
  A deep troll (Lair:3)
  2 lindwurms (Lair:5)
  An orc knight (Bailey)
  4 necromancers (Lair:5)
  A manticore (D:9)
  9 cane toads
  12 elephants (Lair:5)
  9 black mambas
  A gargoyle (D:11)
  An orange demon (D:10)
  A torpor snail (Lair:5)
  An unseen horror (D:11)
  7 komodo dragons
  A troll (D:6)
  A hornet (D:9)
  Grinder (D:6)
  23 dream sheep
  11 blink frogs
  Sigmund (D:3)
  2 wyverns
  A shadow (D:11)
  Eustachio (D:6)
  A dire elephant simulacrum (Lair:5)
  4 wraiths
  A basilisk (Lair:5)
  29 yaks
  Menkaure (D:6)
  9 vampire mosquitoes
  Edmund (D:6)
  4 acid dragons
  21 water moccasins
  13 orc warriors
  A swamp drake (D:9)
  An ice beast (D:8)
  4 sky beasts
  5 black bears
  3 elephant zombies (Lair:5)
  An ogre (D:4)
  An elephant skeleton (Lair:5)
  2 centaurs
  6 wolves
  3 kobold brigands
  9 bullfrogs
  2 gnoll sergeants
  5 scorpions
  2 necrophages (D:6)
  2 cane toad simulacra (Lair:5)
  8 wights
  An elephant simulacrum (Lair:5)
  15 killer bees
  2 electric eels
  4 howler monkeys
  8 orc priests
  A gnoll bouda (D:8)
  3 hounds
  4 jellies
  Crazy Yiuf (D:4)
  4 iguanas
  Ijyb (D:3)
  6 orc wizards
  5 hell rats (Lair:4)
  Terence (D:3)
  7 gnolls
  15 adders
  3 white imps
  An ufetubus (D:5)
  3 worms
  2 dart slugs
  56 orcs
  8 ball pythons
  5 bats
  6 endoplasms
  5 giant cockroaches
  6 goblins
  7 hobgoblins
  5 jackals (D:1)
  12 kobolds
  2 quokkas (D:2)
  2 frilled lizards
  3 rats
455 creatures vanquished.

Vanquished Creatures (collateral kills)
  A black mamba (Lair:4)
  3 blink frogs (Lair:5)
  A wyvern (Lair:5)
  A basilisk (Lair:5)
  3 water moccasins
  An orc warrior (Bailey)
  A black bear (Lair:4)
  A bullfrog (Lair:4)
  An orc (Bailey)
13 creatures vanquished.

Vanquished Creatures (others)
  An endoplasm (D:3)
  40 fungi
  68 plants
  20 withered plants (Lair:5)
129 creatures vanquished.

Grand Total: 597 creatures vanquished

Notes
Turn   | Place    | Note
-------+----------+-------------------------------------------
     0 | D:1      | GeorgeBush911 the Minotaur Berserker began the quest for
                  | the Orb.
     0 | D:1      | Reached XP level 1. HP: 19/19 MP: 0/0
   231 | D:1      | Reached XP level 2. HP: 25/26 MP: 1/1
   566 | D:1      | Found Pybaps's Jewellery Emporium.
  1124 | D:1      | Found a faded altar of an unknown god.
  1138 | D:1      | Reached XP level 3. HP: 31/33 MP: 2/2
  1843 | D:2      | Reached ** piety under Trog
  2026 | D:2      | Reached XP level 4. HP: 41/41 MP: 3/3
  2552 | D:3      | Found a shimmering blue altar of Sif Muna.
  2609 | D:3      | Reached skill level 5 in Long Blades
  2690 | D:3      | Noticed Ijyb
  2705 | D:3      | Killed Ijyb
  3008 | D:3      | Noticed Sigmund
  3010 | D:3      | Noticed Terence
  3016 | D:3      | Killed Sigmund
  3017 | D:3      | Reached XP level 5. HP: 27/47 MP: 4/4
  3017 | D:3      | Reached XP level 6. HP: 32/55 MP: 5/5
  3025 | D:3      | Killed Terence
  3534 | D:4      | Reached skill level 5 in Fighting
  3690 | D:4      | Found a radiant altar of Vehumet.
  3830 | D:4      | Found a staircase to the Ecumenical Temple.
  4012 | D:4      | Found a runed translucent door.
  4013 | D:4      | Noticed Crazy Yiuf
  4021 | D:4      | Killed Crazy Yiuf
  4265 | D:5      | Entered Level 5 of the Dungeon
  4389 | D:4      | Reached XP level 7. HP: 50/61 MP: 6/6
  4400 | D:4      | Reached skill level 1 in Stealth
  4661 | D:5      | Found a white marble altar of Elyvilon.
  4673 | D:5      | Found an opulent altar of Gozag.
  4673 | D:5      | Found a basalt altar of Yredelemnul.
  4722 | D:5      | Found a burning altar of Makhleb.
  4722 | D:5      | Found a blossoming altar of Fedhas.
  4761 | D:5      | Reached skill level 5 in Armour
  5377 | D:6      | Noticed Edmund
  5388 | D:6      | Killed Edmund
  5389 | D:6      | Reached XP level 8. HP: 59/69 MP: 7/7
  5549 | D:6      | Noticed a troll
  5557 | D:6      | Noticed Grinder
  5564 | D:6      | Killed a troll
  5571 | D:6      | Noticed Eustachio
  5607 | D:6      | Reached skill level 1 in Shields
  5625 | D:6      | Killed Eustachio
  5626 | D:6      | Reached skill level 2 in Shields
  5628 | D:6      | Killed Grinder
  5629 | D:6      | Reached XP level 9. HP: 24/75 MP: 8/8
  6064 | D:6      | Noticed Menkaure
  6068 | D:6      | Killed Menkaure
  6069 | D:6      | Reached skill level 10 in Long Blades
  6294 | D:7      | Reached *** piety under Trog
  6484 | D:7      | Reached skill level 3 in Shields
  6986 | D:7      | Found a bloodstained altar of Trog.
  7287 | D:8      | Reached skill level 4 in Shields
  7409 | D:8      | Found a sacrificial altar of Ru.
  7435 | D:8      | Reached XP level 10. HP: 78/86 MP: 9/9
  7515 | D:8      | Reached **** piety under Trog
  7519 | D:8      | Found a huge runed translucent gate.
  7519 | D:8      | Found a huge runed translucent gate.
  7519 | D:8      | Found a huge runed translucent gate.
  7519 | D:8      | Found a huge runed translucent gate.
  7913 | D:8      | Reached skill level 10 in Armour
  8120 | D:8      | Found a stormy altar of Qazlal.
  8431 | D:8      | Noticed a seven-headed hydra
  8461 | D:9      | Reached skill level 5 in Shields
  8462 | D:9      | Paralysed by a hornet for 1 turns
  8625 | D:9      | Reached skill level 6 in Shields
  8668 | D:9      | Found a large runed translucent door.
  8668 | D:9      | Found a large runed translucent door.
  8672 | D:9      | Noticed Stephen2Aus's ghost (novice GnCj)
  8787 | D:9      | Found a flagged portal.
  8823 | Bailey   | Entered a bailey
  9542 | Bailey   | Reached skill level 7 in Shields
  9605 | Bailey   | Noticed an orc knight
  9621 | Bailey   | Killed an orc knight
  9787 | Bailey   | Reached skill level 9 in Shields
  9787 | Bailey   | Reached XP level 11. HP: 97/97 MP: 10/10
 10445 | D:9      | Noticed Erolcha
 10464 | D:9      | Killed Erolcha
 10465 | D:9      | Reached XP level 12. HP: 105/105 MP: 11/11
 10705 | D:9      | Reached skill level 10 in Shields
 10868 | D:9      | Reached ***** piety under Trog
 10878 | D:9      | Identified the +0 animal skin of Baldness {Rampage *Corrode
                  | rF+++ Regen+}
 11129 | D:9      | Found a staircase to the Orcish Mines.
 11352 | D:9      | Found a snail-covered altar of Cheibriados.
 11497 | D:9      | Killed Stephen2Aus's ghost
 11811 | D:10     | Entered Level 10 of the Dungeon
 12063 | D:10     | Noticed a boulder beetle
 12111 | D:10     | Killed a boulder beetle
 12112 | D:10     | Reached skill level 10 in Fighting
 12112 | D:10     | Reached skill level 11 in Shields
 12778 | D:10     | Noticed Amaemon
 12796 | D:10     | Killed Amaemon
 13161 | D:10     | Noticed Harold
 13178 | D:10     | Killed Harold
 13518 | D:11     | Noticed an eight-headed hydra
 13535 | D:11     | Killed a 17-headed hydra
 13536 | D:11     | Reached skill level 12 in Shields
 13817 | D:11     | Noticed an eight-headed hydra
 13829 | D:11     | Killed a 16-headed hydra
 14457 | D:11     | Noticed a two-headed ogre
 14465 | D:11     | Killed a two-headed ogre
 14598 | D:11     | Found a staircase to the Lair.
 14720 | D:11     | Found an ornate altar of the Wu Jian Council.
 14803 | D:11     | Reached skill level 13 in Shields
 15255 | D:11     | Noticed a seven-headed hydra
 15264 | D:11     | Killed an 11-headed hydra
 15265 | D:11     | Reached XP level 13. HP: 116/116 MP: 12/12
 15582 | Lair:1   | Entered Level 1 of the Lair of Beasts
 16923 | Lair:2   | Found a staircase to the Swamp.
 17534 | Lair:3   | Reached skill level 14 in Shields
 17551 | Lair:3   | Found a staircase to the Snake Pit.
 17785 | Lair:3   | Received a gift from Trog
 19696 | Lair:5   | Entered Level 5 of the Lair of Beasts
 19906 | Lair:4   | Reached skill level 15 in Shields
 20780 | Lair:5   | Identified the ring "Pishrusea" {Wiz Str+9}
 21255 | Lair:5   | Found a transporter.
 21267 | Lair:5   | Reached skill level 16 in Shields
 21281 | Lair:5   | Reached XP level 14. HP: 124/127 MP: 13/13
 21366 | Lair:5   | Received a gift from Trog
 21499 | Lair:5   | Found a transporter.
 21504 | Lair:5   | Noticed Toastz's ghost (journeyman KoSu)
 21512 | Lair:5   | Found a bloodstained altar of Trog.
 22421 | Lair:5   | Found a viscous altar of Jiyva.
 22422 | Lair:5   | Found a staircase to the Slime Pits.
 22724 | Lair:5   | Reached skill level 17 in Shields
 23511 | Lair:5   | Annihilated by a dire elephant simulacrum

Illustrated notes

Levels and vault maps discovered:
D:1:      dpeg_arrival_water_fire, layout_basic,
          hellmonk_ecumenical_altar_blasted, serial_shops,
          nicolae_shop_advertising_works [nicolae_subvault_shop_adworks]
D:2:      layout_basic
D:3:      layout_rooms, amcnicky_altar_gilded, uniq_sigmund, uniq_ijyb,
          uniq_terence
D:4:      layout_cave_pools, nicolae_vehumet_radiance,
          minmay_temple_entry_antechambers, uniq_crazy_yiuf_cottage
D:5:      layout_basic, grunt_temple_overflow_open, guppyfry_early_lair_pool
D:6:      layout_rooms, corexii_hall_statues_s, uniq_eustachio, uniq_grinder,
          uniq_edmund, uniq_menkaure
D:7:      nicolae_cairo_tiling_large, layout_gridville,
          mainiacjoe_overflow_alcove_2
D:8:      lemuel_bear_cage, layout_rooms, nicolae_ru_sacrificial_ziggurat,
          nicolae_qazlal_scattered_showers, special_room [special_room_orc],
          corexii_hall_statues_deadend, dreamdust_gnoll_shepherd
D:9:      minmay_angry_zag, layout_long_grid, lemuel_coloured_pillars_altar,
          erik_orc_1, enter_bailey_5, ebering_ghost_disaster_area, uniq_erolcha
D:10:     cheibrodos_elevator_heist, layout_loops_corners, uniq_harold,
          uniq_amaemon
D:11:     layout_loops_ring, due_lair_maze_entry_diamond,
          pdpol_wu_jian_five_deadly_venoms
Lair:1:   layout_roguey, st_stairs_6, serial_bayou_shore_a, grunt_megastairs_4,
          infiniplex_staircase_pool_2, lemuel_fruit_tree
Lair:2:   layout_regular_city, minmay_swamp_entry_swarm
Lair:3:   dreamdust_cave_troll, layout_loops_ring,
          minmay_snake_entry_six_corridors
Lair:4:   layout_gridlike
Lair:5:   due_jungle_book, layout_regular_city, slime_entry_1,
          gammafunk_ghost_wrathful_warriors, st_stairs_3,
          chequers_serial_rivers_micro_d, grunt_megastairs_1

Skill      XL: |  1  2  3  4  5  6  7  8  9 10 11 12 13 14 |
---------------+-------------------------------------------+-----
Long Blades    | 4 6 7 8 9 11 13 14 | 14.0
Fighting       | 4 5 6 7 9 11 12 13 | 13.9
Armour         | 3 4 6 8 9 11 13 14 | 14.9
Dodging        | 3 4 |  4.9
Stealth        | 1 3 4 |  4.1
Shields        | 2 4 9 13 16 17 | 17.7

Action                   |  1- 3 |  4- 6 |  7- 9 | 10-12 | 13-15 || total
-------------------------+-------+-------+-------+-------+-------++-------
Melee: Falchion          |    93 |   117 |   305 |   538 |       ||  1053
       Headbutt          |    13 |    21 |    59 |   158 |   242 ||   493
       Punch             |       |     1 |     3 |       |       ||     4
       Scimitar          |       |       |       |   230 |   792 ||  1022
Invok: Berserk           |     2 |     1 |     2 |     7 |     4 ||    16
       Brothers in Arms  |       |       |       |     1 |     2 ||     3
  Use: Scroll            |       |       |     9 |     2 |     6 ||    17
       Potion            |       |       |     1 |     1 |     1 ||     3
Armor: Animal skin       |    21 |       |       |       |       ||    21
       Leather armour    |    17 |     7 |       |       |       ||    24
       Plate armour      |       |    55 |   170 |   317 |   328 ||   870
Dodge: Dodged            |    90 |    54 |   124 |   225 |   181 ||   674
Block: Other             |       |       |    67 |     5 |       ||    72
       Tower shield      |       |       |       |   796 |   952 ||  1748
       Reflection        |       |       |       |    47 |       ||    47
